 Dungeon Crawl Stone Soup version 0.31-a0-656-gb4d89c20fa (webtiles) character file.

Game seed: 4743713421876473159

11204 Xavori the Covert (level 11, -1/76 HPs)
             Began as an Octopode Chaos Knight on Aug 31, 2023.
             Was a Plaything of Xom.
             Shot with an arrow by a centaur warrior (18 damage)
             ... on level 13 of the Dungeon.
             The game lasted 00:13:51 (13085 turns).

Xavori the Covert (Octopode Chaos Knight)          Turns: 13085, Time: 00:13:52

Health: -1/76      AC:  7    Str: 18      XL:     11   Next: 74%
Magic:  12/12      EV: 21    Int: 16 (18) God:    Xom [.*....]
Gold:   461        SH:  4    Dex: 14      Spells: 10/10 levels left

rFire   + . .        H - +4 short sword
rCold   + + .        G - +0 buckler
rNeg    . . .        o - +0 hat
rPois   .            (no amulet)
rElec   .            f - +6 ring of strength
rCorr   .            u - +5 ring of evasion
SInv    .            C - ring of fire
Will    .....        K - +4 ring of slaying
Stlth   ++++++       (no ring)
HPRegen 1.12/turn    (no ring)
MPRegen 0.13/turn    (no ring)
                     (no ring)

%: no passive effects
@: invisible
A: almost no armour, amphibious, 8 rings, camouflage 1, gelatinous body 1,
(nimble swimmer 1), tentacles, tentacle spike 1, iridescent scales 3, clever 1,
cold resistance 3, high MP 1, mutation resistance 1, passive freeze,
regeneration 1, wild magic 1, MP-powered wands
a: Renounce Religion


You were on level 13 of the Dungeon.
You worshipped Xom.
You were a plaything of Xom.
You visited 1 branch of the dungeon, and saw 13 of its levels.

You collected 590 gold pieces.
You spent 129 gold pieces at shops.

Inventory:

Hand Weapons
 a - a +0 short sword of chaos
 m - a +1 dagger of freezing
 q - a +2 short sword of flaming
 w - a +1 dagger of speed
 H - a +4 short sword (weapon)
Missiles
 E - a throwing net
Armour
 o - a +0 hat (worn)
 G - a +0 buckler (worn)
Jewellery
 f - a +6 ring of strength (left tentacle)
 u - a +5 ring of evasion (right tentacle)
 A - a ring of ice
 C - a ring of fire (on tentacle)
 K - a +4 ring of slaying (on tentacle)
Talismans
 v - a maw talisman
Wands
 c - a wand of mindburst (9)
 B - a wand of polymorph (5)
 F - a wand of flame (22)
Scrolls
 b - a scroll of butterflies
 d - a scroll of enchant weapon {unknown}
 e - a scroll of identify
 g - 3 scrolls of immolation
 h - 3 scrolls of fear
 r - 4 scrolls of enchant armour
 s - a scroll of silence
 x - a scroll of poison
 y - 6 scrolls of teleportation
Potions
 i - a potion of berserk rage
 j - a potion of resistance
 k - 2 potions of ambrosia {unknown}
 n - 3 potions of curing
 p - 2 potions of mutation
 t - a potion of brilliance
 z - a potion of might
 D - 3 potions of lignification
 I - a potion of enlightenment {unknown}
 J - a potion of heal wounds {unknown}


   Skills:
 + Level 7.7 Fighting
 + Level 10.3 Short Blades
 + Level 8.2 Dodging
 + Level 12.8 Stealth
 + Level 0.4 Shields
 * Level 6.1 Shapeshifting


You had 10 spell levels left.
You didn't know any spells.
Your spell library contained the following spells:

 Spells                   Type           Power      Damage    Failure   Level
 Sting                    Tmut/Pois      0%         1d3       41%         1
 Summon Small Mammal      Summ           0%         N/A       41%         1
 Call Canine Familiar     Summ           0%         N/A       75%         3
 Dazzling Flash           Conj/Hex       0%         N/A       75%         3
 Ozocubu's Armour         Ice            0%         N/A       75%         3
 Summon Guardian Golem    Hex/Summ       0%         N/A       75%         3
 Passage of Golubria      Tloc           0%         N/A       98%         4
 Summon Ice Beast         Ice/Summ       0%         N/A       98%         4
 Agony                    Necr           0%         N/A       100%        5
 Silence                  Hex/Air        0%         N/A       100%        5
 Eringya's Noxious Bog    Tmut/Pois      0%         4d6       100%        6
 Ozocubu's Refrigeration  Ice            0%         4d7       100%        7
 Summon Hydra             Summ           0%         N/A       100%        7
 Lehudib's Crystal Spear  Conj/Erth      0%         10d2      100%        8


Dungeon Overview and Level Annotations

Branches:
Dungeon (14/15)            Temple (0/1) D:4            Lair (0/5) D:8
    Orc: D:9-12      Vaults: D:13-14

Altars:
Ashenzari
Elyvilon
Fedhas
Qazlal
Ru
Sif Muna
Uskayaw
Vehumet
Xom
Yredelemnul
The Shining One

Shops:
D:3 [   D:4 (   D:5 :   D:6 *   D:8 *   D:9 (

Annotations:
D:2 1 runed translucent door, Crazy Yiuf


Innate Abilities, Weirdness & Mutations

You cannot wear most types of armour.
You are amphibious.
You can wear up to eight rings at the same time.
Your skin changes colour to match your surroundings (Stealth+).
Your rubbery body absorbs attacks. (AC +1, EV +1)
((You are camouflaged when in or above water. (Stealth+)))
You have tentacles for arms and can constrict up to eight enemies at once.
One of your tentacles bears a spike.
You are completely covered in iridescent scales. (AC +6)
Your mind is acute. (Int +4, Str/Dex -1)
Your flesh is almost immune to the effects of cold. (rC+++)
You have an increased reservoir of magic. (+10% MP)
You are somewhat resistant to further mutation.
A frigid envelope surrounds you and freezes all who hurt you.
Your natural rate of healing is unusually fast.
Your spells are a little harder to cast, but a little more powerful.
You expend magic power (3 MP) to strengthen your wands.


Message History

You see here a +4 ring of slaying.
K - a +4 ring of slaying
There is a stone staircase leading up here.
You climb upwards.
There is a stone staircase leading down here.
Something hits you.
Deactivating autopickup; reactivate with Ctrl-A.
K - a +4 ring of slaying (on tentacle)
Something hits you but does no damage.
You hit something but do no damage.
Your tentacle spike misses something.
Something closely misses you. x2
You hit something. Something hits you!
You hit something but do no damage.
Your tentacle spike misses something.
Something barely misses you. You block something's attack.
Something closely misses you. Something hits you! Something closely misses you.
You puncture something!
You pierce something!
Your squeeze misses something. Something hits you.
You closely miss something.
You pierce something.
Your squeeze misses something. Something hits you.
You closely miss something. Your squeeze misses something.
You block something's attack. Something hits you.
Reactivating autopickup.
You feel a bit more experienced.
A cyclops comes into view.
The cyclops shouts!
You hear a shout!
The cyclops throws a large rock.
The large rock hits you!!!
Ouch! That really hurt!
* * * LOW HITPOINT WARNING * * *
A centaur warrior comes into view.
Okay, then.
You fade into invisibility!
The centaur warrior wields a +0 shortbow.
The centaur warrior shoots an arrow.
The arrow hits you.
* * * LOW HITPOINT WARNING * * *
The centaur warrior shoots an arrow.
The arrow hits you!!
You die...
Xom titters!

...###..# ...##..#
#.....# #.....####..
##..........# .
#....>.....# ..#
#..#......## ....#
##.###.....#
......##@..###.....#
#C...............
###..............
##.............
##............
#c....... ........#
......... .....


You could see a centaur warrior (unable to see you) and a cyclops (unable to see
you).

Vanquished Creatures
  Erica (D:8)
  The ghost of dialectric the Changeling, a novice OpSh of Dithmenos (D:6)
  Maurice (D:11)
  An unseen horror (D:13)
  A troll (D:9)
  Prince Ribbit (D:8)
  3 wyverns (D:8)
  A slime creature (D:8)
  A shadow (D:6)
  15 yaks
  Edmund (D:5)
  An acid dragon (D:10)
  4 water moccasins (D:8)
  3 black bears
  3 orc warriors
  A sky beast (D:7)
  6 ice beasts
  An ogre (D:7)
  A boggart (D:8)
  A centaur (D:8)
  2 phantoms
  3 bullfrogs
  A scorpion (D:6)
  19 wights
  15 killer bees
  10 howler monkeys
  A gnoll bouda (D:7)
  A jelly (D:6)
  7 orc priests
  4 hounds
  A sleepcap (D:7)
  2 iguanas
  6 orc wizards
  2 bullfrog simulacra (D:6)
  9 gnolls
  A river rat (D:4)
  14 adders
  3 white imps (D:6)
  An ufetubus (D:7)
  3 worms
  3 dart slugs
  30 orcs
  7 endoplasms
  4 giant cockroaches
  7 goblins
  7 hobgoblins
  3 jackals (D:5)
  6 kobolds
  A quokka (D:3)
  8 ball pythons
  7 bats
  7 frilled lizards
  2 rats
245 creatures vanquished.

Vanquished Creatures (collateral kills)
  2 yaks
  A dart slug (D:2)
  A bat (D:2)
4 creatures vanquished.

Vanquished Creatures (others)
  A tengu warrior (D:8)
  A wyvern (D:8)
  A wight (D:6)
3 creatures vanquished.

Grand Total: 252 creatures vanquished

Notes
Turn   | Place    | Note
-------+----------+-------------------------------------------
     0 | D:1      | Xavori the Octopode Chaos Knight began the quest for the
                  | Orb.
     0 | D:1      | Reached XP level 1. HP: 16/16 MP: 1/1
   164 | D:1      | Reached XP level 2. HP: 21/21 MP: 2/2
   374 | D:1      | XOM: divination: magic mapping
   630 | D:1      | XOM: noise
   661 | D:1      | Reached XP level 3. HP: 26/26 MP: 3/3
   929 | D:2      | XOM: noise
   936 | D:2      | XOM: smoke on damage
   940 | D:2      | XOM: silly message
  1820 | D:1      | XOM: silly message
  2181 | D:1      | XOM: divination: detect items
  2204 | D:1      | XOM: divination: detect items
  2898 | D:1      | XOM: silly message
  3141 | D:1      | XOM: divination: magic mapping
  3524 | D:1      | XOM: give mutations
  3524 | D:1      | Gained mutation: One of your tentacles bears a spike.
                  | [Xom's grace]
  3524 | D:1      | Gained mutation: You expend magic power (3 MP) to
                  | strengthen your wands. [Xom's grace]
  3524 | D:1      | Gained mutation: You are partially covered in iridescent
                  | scales. (AC +2) [Xom's grace]
  4170 | D:1      | XOM: give mutations
  4170 | D:1      | Gained mutation: You are somewhat resistant to further
                  | mutation. [Xom's grace]
  4170 | D:1      | Gained mutation: Your mind is acute. (Int +4, Str/Dex -1)
                  | [Xom's grace]
  4170 | D:1      | Gained mutation: Your flesh is cold resistant. (rC+) [Xom's
                  | grace]
  4711 | D:1      | XOM: 1-stop teleportation journey
  4824 | D:1      | XOM: give mutations
  4824 | D:1      | Gained mutation: Your flesh is very cold resistant. (rC++)
                  | [Xom's grace]
  4824 | D:1      | Gained mutation: Your spells are a little harder to cast,
                  | but a little more powerful. [Xom's grace]
  4824 | D:1      | Gained mutation: Your flesh is almost immune to the effects
                  | of cold. (rC+++) [Xom's grace]
  4824 | D:1      | Gained mutation: Your natural rate of healing is unusually
                  | fast. [Xom's grace]
  4837 | D:1      | XOM is BORED!
  4837 | D:1      | XOM: stat loss: -1 Dex (11/12)
  4903 | D:2      | Reached skill level 1 in Stealth
  4922 | D:2      | Found a shimmering altar of Xom.
  5129 | D:2      | XOM: enchant monster (good)
  5134 | D:2      | Reached XP level 4. HP: 33/33 MP: 4/4
  5414 | D:2      | Found a runed translucent door.
  5415 | D:2      | Noticed Crazy Yiuf
  5653 | D:2      | XOM: god gift: fizzy cyan potion {god gift}
  5821 | D:3      | Found Wiotar's Armour Shop.
  5851 | D:3      | XOM: 2-stop teleportation journey
  5874 | D:3      | XOM: scenery: 2 doors open
  5896 | D:3      | Reached skill level 2 in Stealth
  6089 | D:3      | Reached XP level 5. HP: 32/37 MP: 5/5
  6141 | D:3      | Reached skill level 3 in Stealth
  6204 | D:3      | XOM: god gift: 2 green potions {god gift}
  6353 | D:3      | XOM: give mutations
  6353 | D:3      | Gained mutation: You are strong-willed. (Will+) [Xom's
                  | grace]
  6353 | D:3      | Gained mutation: You are mostly covered in iridescent
                  | scales. (AC +4) [Xom's grace]
  6609 | D:3      | XOM: god gift: Ozocubu's Autobiography
  6745 | D:4      | Identified the +1 robe "Feuxean" {+Blink rF+ rN+}
  6752 | D:4      | Found a blossoming altar of Fedhas.
  6774 | D:4      | Reached XP level 6. HP: 43/43 MP: 6/6
  6884 | D:4      | Reached skill level 4 in Stealth
  6924 | D:4      | XOM: enchant monster (good)
  6979 | D:4      | Found Utzeot's Antique Weapon Shop.
  7176 | D:4      | Identified the +7 whip "Iwafunucw" {venom, Fly rC+ MP-9
                  | Stlth+}
  7244 | D:4      | XOM: polymorph adder -> river rat
  7249 | D:4      | Reached skill level 5 in Short Blades
  7270 | D:4      | XOM: 3-stop teleportation journey
  7440 | D:4      | XOM: noise
  7630 | D:4      | Found a staircase to the Ecumenical Temple.
  7658 | D:5      | Entered Level 5 of the Dungeon
  7667 | D:5      | Found a sacrificial altar of Ru.
  7670 | D:5      | XOM: polymorph orc priest -> howler monkey
  7677 | D:5      | XOM: 1-stop teleportation journey
  7678 | D:5      | XOM: give mutations
  7678 | D:5      | Gained mutation: You have an increased reservoir of magic.
                  | (+10% MP) [Xom's grace]
  7678 | D:5      | Gained mutation: A frigid envelope surrounds you and
                  | freezes all who hurt you. [Xom's grace]
  7678 | D:5      | Gained mutation: You are completely covered in iridescent
                  | scales. (AC +6) [Xom's grace]
  7678 | D:5      | Gained mutation: Your mind is very acute. (Int +8, Str/Dex
                  | -2) [Xom's grace]
  7703 | D:5      | XOM: scenery: summon butterflies
  7753 | D:5      | XOM: scenery: create altars
  7779 | D:4      | Reached XP level 7. HP: 46/48 MP: 7/7
  7790 | D:5      | XOM: scenery: summon butterflies
  7794 | D:5      | Reached skill level 5 in Stealth
  7929 | D:5      | Noticed Edmund
  7933 | D:5      | XOM: summons friendly crimson imp
  7941 | D:5      | Killed Edmund
  8002 | D:5      | Reached skill level 6 in Stealth
  8067 | D:5      | Reached XP level 8. HP: 54/54 MP: 8/8
  8077 | D:5      | XOM: polymorph crimson imp -> shadow imp
  8119 | D:5      | Found Ilawku Oza's Tiny Tomes.
  8290 | D:5      | Found a radiant altar of Vehumet.
  8443 | D:6      | Noticed a shadow
  8446 | D:6      | XOM: enchant monster (bad)
  8450 | D:6      | XOM: enchant monster (good)
  8617 | D:5      | XOM: god gift: 46 gold pieces
  8746 | D:6      | XOM: noise
  8756 | D:6      | Reached skill level 7 in Stealth
  8757 | D:6      | XOM: butterfly on damage
  8776 | D:5      | XOM: god gift: flail {god gift}
  8799 | D:6      | Reached skill level 5 in Fighting
  8799 | D:6      | XOM: destruction
  8868 | D:6      | Found a white marble altar of Elyvilon.
  8929 | D:6      | Found a runed translucent gate.
  8930 | D:6      | Found a runed translucent gate.
  8930 | D:6      | Found a runed translucent gate.
  8979 | D:6      | Reached skill level 5 in Dodging
  8993 | D:6      | Reached skill level 1 in Shapeshifting
  9053 | D:6      | Found Qeonotia's Assorted Antiques.
  9053 | D:6      | XOM: 8-stop teleportation journey
  9103 | D:6      | Reached XP level 9. HP: 57/61 MP: 9/9
  9103 | D:6      | XOM: divination: magic mapping
  9110 | D:6      | Reached skill level 8 in Stealth
  9230 | D:5      | XOM: 5-stop teleportation journey
  9243 | D:5      | XOM: give mutations
  9243 | D:5      | Lost mutation: Your flesh is almost immune to the effects
                  | of cold. (rC+++) [Xom's mischief]
  9243 | D:5      | Lost mutation: You are strong-willed. (Will+) [Xom's
                  | mischief]
  9243 | D:5      | Lost mutation: Your mind is very acute. (Int +8, Str/Dex
                  | -2) [Xom's mischief]
  9243 | D:5      | Gained mutation: Your flesh is almost immune to the effects
                  | of cold. (rC+++) [Xom's mischief]
  9282 | D:6      | Bought a scroll of teleportation for 81 gold pieces
  9282 | D:6      | Bought a murky cyan potion for 24 gold pieces
  9282 | D:6      | Bought a sapphire potion for 24 gold pieces
  9468 | D:6      | Noticed dialectric's ghost (novice OpSh)
  9543 | D:6      | XOM: confuse monster(s)
  9550 | D:6      | Killed dialectric's ghost
  9588 | D:6      | Reached skill level 9 in Stealth
  9836 | D:7      | Reached XP level 10. HP: 67/69 MP: 11/11
  9891 | D:7      | Got Wusab's Papyrus of Viperous Adjuration
 10418 | D:8      | Found a staircase to the Lair.
 10427 | D:8      | XOM: enchant monster (good)
 10437 | D:8      | XOM: enchant monster (good)
 10462 | D:8      | Reached skill level 10 in Stealth
 10484 | D:8      | XOM: divination: magic mapping
 10665 | D:8      | Noticed Prince Ribbit
 10675 | D:8      | Killed Prince Ribbit
 10688 | D:8      | XOM: blink monster(s)
 10805 | D:8      | XOM: summons 5 hostile demons
 10889 | D:8      | Noticed Erica
 10896 | D:8      | Noticed a tengu warrior
 10906 | D:8      | XOM: torment (27/71 hp)
 10910 | D:8      | Killed a tengu warrior
 10911 | D:8      | Reached skill level 11 in Stealth
 10911 | D:8      | Killed Erica
 10912 | D:8      | Reached skill level 5 in Shapeshifting
 10912 | D:8      | Reached XP level 11. HP: 35/75 MP: 12/12
 10988 | D:8      | XOM: 1-stop teleportation journey
 11056 | D:8      | XOM: polymorph killer bee -> boggart
 11093 | D:8      | XOM: stat loss: -1 Dex (13/14)
 11119 | D:8      | Found Zeoveci's Mass Market.
 11121 | D:8      | Identified the +10 dagger of the Furious {elec, rC+ rN+
                  | Stlth+}
 11152 | D:8      | Found a stormy altar of Qazlal.
 11152 | D:8      | XOM: 6-stop teleportation journey
 11170 | D:8      | XOM: summons 2 friendly demons
 11194 | D:8      | Reached skill level 10 in Short Blades
 11343 | D:8      | Found a shimmering blue altar of Sif Muna.
 11343 | D:8      | Found a hide-covered altar of Uskayaw.
 11351 | D:8      | Found a faded altar of an unknown god.
 11353 | D:8      | Found a basalt altar of Yredelemnul.
 11355 | D:8      | Found a glowing golden altar of the Shining One.
 11815 | D:9      | Found Util's Weapon Shoppe.
 11832 | D:9      | XOM: snakes to sticks
 11835 | D:9      | Reached skill level 12 in Stealth
 11844 | D:9      | XOM: divination: magic mapping
 12109 | D:9      | Found a broken altar of Ashenzari.
 12118 | D:9      | XOM: silly message
 12177 | D:9      | XOM: scenery: 2 doors open, 1 doors close
 12287 | D:9      | XOM: god gift: potion of lignification
 12421 | D:10     | Entered Level 10 of the Dungeon
 12637 | D:10     | Identified the +1 halberd of the Lost Teeth {venom, *Rage
                  | +Blink rPois Dex-3}
 12702 | D:10     | XOM: polymorph yak -> black bear
 12710 | D:10     | XOM: summons 3 friendly demons
 12948 | D:10     | XOM: scenery: create altars
 13005 | D:11     | Noticed Maurice
 13009 | D:11     | Killed Maurice
 13034 | D:11     | You fall into a shaft and drop 3 floors!
 13042 | D:14     | Noticed a five-headed hydra
 13056 | D:14     | Noticed a centaur warrior
 13083 | D:13     | Noticed a cyclops
 13084 | D:13     | Noticed a centaur warrior
 13085 | D:13     | Shot with an arrow by a centaur warrior

Illustrated notes

Levels and vault maps discovered:
D:1:      dpeg_arrival_three_same_balls, layout_basic
D:2:      layout_basic, serial_forest, infiniplex_forest_clump_C,
          infiniplex_forest_pool, infiniplex_forest_clump_tiny,
          infiniplex_forest_lined_corner, infiniplex_forest_clump_small,
          infiniplex_forest_clump_tiny, infiniplex_forest_clump_long,
          basic_altar, uniq_crazy_yiuf_cottage
D:3:      layout_basic, serial_shops, nicolae_shop_stone
D:4:      minmay_chambers_of_twos, layout_basic, mainiacjoe_overflow_paths,
          minmay_temple_entry_enclosed_plants, serial_shops, shop
D:5:      layout_basic, kennysheep_mini_moat, mainiacjoe_overflow_chevrons,
          nicolae_kite_square_tiling_tiny, nicolae_shop_i_like_small_books_too,
          nicolae_half_adder, uniq_edmund
D:6:      layout_rooms, mainiacjoe_overflow_concentric_impassable,
          gammafunk_ghost_icy, serial_shops, nicolae_shop_overgrown_old_shop,
          minivault_14, minmay_fractal_squares_gapless_5
D:7:      layout_basic, feat_on_display
D:8:      minmay_diamond_stairs, layout_loops_corners,
          chequers_temple_overflow_minitemple, nicolae_qazlal_scattered_showers,
          minmay_lair_entry_grove, minmay_shop_mass, nicolae_zen_rock_garden,
          uniq_prince_ribbit1, uniq_erica
D:9:      layout_roguey, mainiacjoe_overflow_catwalk, serial_shops,
          nicolae_take_the_stairs
D:10:     layout_long_grid
D:11:     layout_roguey [special_room_orc], minmay_between, uniq_maurice
D:13:     layout_layer_cave, hellmonk_ghost_happy_afterlife, minivault_10
D:14:     layout_layer_cave, ximxim_vaults_locker_room

Skill      XL: |  1  2  3  4  5  6  7  8  9 10 11 |
---------------+----------------------------------+-----
Stealth        | 1 2 3 4 6 7 9 11 12 | 12.8
Short Blades   | 4 5 6 7 8 9 10 | 10.3
Dodging        | 3 4 5 6 7 8 |  8.2
Fighting       | 4 5 6 7 |  7.7
Shapeshifting  | 1 3 5 6 |  6.1
Shields        | |  0.4

Action                     |  1- 3 |  4- 6 |  7- 9 | 10-12 || total
---------------------------+-------+-------+-------+-------++-------
  Melee: Short sword       |    84 |   112 |   139 |   112 ||   447
         Constrict         |    22 |    21 |    54 |    35 ||   132
         Tentacles         |    17 |    18 |    79 |   114 ||   228
         Kick              |    11 |    24 |   114 |   180 ||   329
         Punch             |     1 |     1 |     8 |     5 ||    15
         Dagger            |       |       |   140 |   283 ||   423
    Use: Potion            |       |     1 |       |     7 ||     8
         Scroll            |       |       |     6 |    10 ||    16
   Stab: Sleeping          |     4 |    10 |     3 |    15 ||    32
         Distracted        |       |       |     3 |     1 ||     4
         Invisible         |       |       |       |     7 ||     7
 Armour: Skin              |     9 |    24 |    30 |    31 ||    94
  Dodge: Dodged            |    39 |    63 |   131 |   191 ||   424
  Block: Buckler           |       |       |       |    19 ||    19

Table legend: (Time is in decaauts)
 A = Elapsed time spent in this place.
 B = Non-inter-level travel time spent in this place.
 C = Inter-level travel time spent in this place.
 D = Time resting spent in this place.
 E = Time spent auto-exploring this place.
 F = Levels seen in this place.
 G = Mean time per level.
                   A        B        C        D        E       F      G
               +--------+--------+--------+--------+--------+-----+--------+
         Total |  12689 |  12260 |    429 |   4609 |   6196 |  13 |  976.1 |
       Dungeon |  12689 |  12260 |    429 |   4609 |   6196 |  13 |  976.1 |
               +--------+--------+--------+--------+--------+-----+--------+

Top non-repeatable levels by time:
     D:1: 4814 daAuts
     D:8: 1265 daAuts
     D:5: 1204 daAuts
     D:2: 993 daAuts
     D:4: 949 daAuts
     D:3: 887 daAuts
     D:7: 684 daAuts
     D:6: 669 daAuts
     D:9: 585 daAuts
    D:10: 560 daAuts
    D:11: 28 daAuts
    D:14: 27 daAuts
    D:13: 18 daAuts
